 Dungeon Crawl Stone Soup version 0.28.0 (webtiles) character file.

Game seed: 16745184633695290049

53 NoSkeletonsAllowed the Slasher (level 4, -2/35 HPs)
             Began as a Human Berserker on Feb 13, 2022.
             Was a Follower of Trog.
             Slain by a gnoll (8 damage)
             ... on level 2 of the Dungeon.
             The game lasted 00:07:31 (1191 turns).

NoSkeletonsAllowed the Slasher (Human Berserker)    Turns: 1191, Time: 00:07:32

Health: -2/35      AC:  7    Str: 20    XL:     4   Next: 10%
Magic:  4/4        EV: 11    Int:  7    God:    Trog [*.....]
Gold:   31         SH:  0    Dex: 12    Spells: 3/3 levels left

rFire   . . .      SeeInvis .   a - +0 falchion
rCold   . . .      Faith    .   (no shield)
rNeg    . . .      Spirit   .   m - +0 ring mail
rPois   .          Reflect  .   (no helmet)
rElec   .          Harm     .   s - +1 cloak
rCorr   .          Rampage  .   (no gloves)
Will    .....                   (no boots)
Stlth   +.........              o - amulet of magic regeneration
HPRegen 0.11/turn               (no ring)
MPRegen 0.49/turn               (no ring)

@: no status effects
A: no striking features
a: Renounce Religion, Berserk


You were on level 2 of the Dungeon.
You worshipped Trog.
Trog was aware of your devotion.
You visited 1 branch of the dungeon, and saw 2 of its levels.

You collected 31 gold pieces.

Inventory:

Hand Weapons
 a - a +0 falchion (weapon)
 e - a +0 club
 n - a +0 dagger
Missiles
 f - 112 stones (quivered)
Armour
 b - a +0 animal skin
 k - a +0 ring mail
 l - a +0 ring mail
 m - a +0 ring mail (worn)
 s - a +1 cloak (worn)
Jewellery
 o - an amulet of magic regeneration (around neck)
Scrolls
 c - a scroll of magic mapping
 g - 2 scrolls of identify {unknown}
 h - a scroll of fog {unknown}
 j - a scroll of silence {unknown}
 p - a scroll of teleportation {unknown}
 r - a scroll of fear {unknown}
Potions
 d - a potion of haste {unknown}
 i - 2 potions of mutation {unknown}
 q - a potion of cancellation {unknown}


   Skills:
 + Level 3.4 Fighting
 + Level 4.0 Long Blades
 + Level 2.1 Armour
 + Level 2.2 Dodging


You had 3 spell levels left.
You didn't know any spells.
Your spell library was empty.

Dungeon Overview and Level Annotations

Branches:
Dungeon (2/15)

Altars:


Message History

You hit the gnoll.
The gnoll is heavily wounded.
The gnoll hits you with a +0 club. The gnoll closely misses you.
Things that are here:
a +0 dagger; a +0 club; a goblin corpse You hit the gnoll but do no damage.
The gnoll hits you with a +0 club.
The gnoll hits you but does no damage. x2
You barely miss the gnoll. The gnoll closely misses you.
The gnoll barely misses you. The gnoll closely misses you.
You hit the gnoll.
The gnoll is lightly wounded.
The gnoll hits you with a +0 club. The gnoll hits you but does no damage.
You hit the gnoll but do no damage.
The gnoll is lightly wounded.
The gnoll closely misses you. The gnoll completely misses you.
You barely miss the gnoll.
The gnoll is lightly wounded.
The gnoll hits you with a +0 club. The gnoll barely misses you.
You hit the gnoll.
The gnoll is heavily wounded.
The gnoll hits you but does no damage. The gnoll barely misses you.
You hit the gnoll.
The gnoll is almost dead.
The gnoll hits you but does no damage. The gnoll closely misses you.
You hit the gnoll.
You kill the gnoll!
Trog accepts your kill.
The gnoll hits you with a +2 vorpal flail.
* * * LOW HITPOINT WARNING * * *
x2 Your Long Blades skill increases to level 4!
You have reached level 4!
You feel stronger.
You see here a +0 club.
You hit the gnoll but do no damage.
The gnoll is heavily wounded.
The gnoll hits you but does no damage.
You closely miss the gnoll.
The gnoll is heavily wounded.
The gnoll hits you with a +2 vorpal flail!
You die...

########## ##.....#...
###### ##..........
#....# #..<........
####...>###...........
......................
.## #....###...........
...#...†))..g@........
#.###.###............
...#..##.###............
.......<..#####.....#...
....###......###.#### ##
#.#..#...###...#.#
##.##.#.#.## #....
##.##...#^.######..#
................# .#


You could see a gnoll.

Vanquished Creatures
  2 gnolls (D:2)
  2 dart slugs (D:1)
  3 endoplasms
  A giant cockroach (D:2)
  2 goblins
  2 hobgoblins (D:1)
  A quokka (D:1)
  4 ball pythons
  4 bats
  A frilled lizard (D:1)
  3 kobolds (D:1)
  4 rats (D:1)
29 creatures vanquished.

Notes
Turn   | Place    | Note
-------+----------+-------------------------------------------
     0 | D:1      | NoSkeletonsAllowed the Human Berserker began the quest for
                  | the Orb.
     0 | D:1      | Reached XP level 1. HP: 18/18 MP: 1/1
   217 | D:1      | Reached XP level 2. HP: 20/24 MP: 2/2
   638 | D:1      | Reached XP level 3. HP: 28/29 MP: 3/3
  1185 | D:2      | Reached skill level 4 in Long Blades
  1185 | D:2      | Reached XP level 4. HP: 6/35 MP: 4/4
  1191 | D:2      | Slain by a gnoll

Illustrated notes

Levels and vault maps discovered:
D:1:      psy_arrival_statuary, layout_loops_cross
D:2:      minmay_general_purpose_star, layout_rooms

Skill      XL: |  1  2  3 |
---------------+----------+-----
Long Blades    | 4 |  4.0
Fighting       | |  3.4
Armour         | |  2.1
Dodging        | |  2.2

Action                   |  1- 3 |  4- 6 || total
-------------------------+-------+-------++-------
Melee: Falchion          |   112 |     2 ||   114
       Punch             |     3 |       ||     3
  Use: Scroll            |     1 |       ||     1
Armor: Animal skin       |    11 |       ||    11
       Ring mail         |    39 |     1 ||    40
Dodge: Dodged            |    98 |       ||    98
